General information
- name: BNet
- type: Ladder team game (AT/RT)
- host: Battle.net
- saver: iMlCRO
map: Monsoon
- players: 6
- length: 18:15
- speed: Fast
- version: 1.24 W3XP
- replay type: Public
» download(170 KB)
Players
team 1 (winner)

»
iMlCRO (
pink | 96 APM | 1756 actions | 18:15)
4 Archmage
2 Summon Water Elemental
2 Brilliance Aura
3 Mountain King
2 Storm Bolt
1 Bash
» actions
| Assign group hotkey | 63 | |
| Basic commands | 26 | |
| Build / train | 65 | |
| ESC pressed | 4 | |
| Enter build submenu | 30 | |
| Enter hero's abilities submenu | 9 | |
| Give item / drop item | 2 | |
| Right click | 748 | |
| Select / deselect | 288 | |
| Select group hotkey | 417 | |
| Use ability | 104 | |
1756 total
» units
| Peasant | 17 | |
| Footman | 8 | |
| Sorceress | 10 | |
| Priest | 1 | |
| Spell Breaker | 1 | |
37 total
» upgrades
| Defend | 1 | |
| Sorceress Training | 2 | |
| Priest Training | 1 | |
4 total
» buildings
| Altar of Kings | 1 | |
| Barracks | 1 | |
| Farm | 8 | |
| Scout Tower | 5 | |
| Arcane Tower | 1 | |
| Keep | 3 | |
| Arcane Vault | 2 | |
| Lumber Mill | 1 | |
| Arcane Sanctum | 3 | |
| Town Hall | 2 | |
| Castle | 3 | |
| Guard Tower | 3 | |
33 total
» build order
00:06 Altar of Kings
00:20 Barracks
00:35 Farm
00:42 Farm
01:36 Scout Tower
01:47 Farm
02:05 Arcane Tower
02:26 Farm
03:32 Keep
03:32 Keep
03:32 Keep
03:47 Arcane Vault
04:14 Farm
04:16 Lumber Mill
04:42 Farm
06:10 Arcane Sanctum
06:14 Arcane Sanctum
06:42 Town Hall
06:48 Arcane Sanctum
08:54 Town Hall
10:02 Arcane Vault
10:17 Farm
10:19 Farm
11:28 Castle
11:28 Castle
11:37 Scout Tower
11:40 Scout Tower
12:08 Guard Tower
12:09 Guard Tower
12:18 Scout Tower
12:27 Scout Tower
14:14 Guard Tower
» items
| Scroll of Regeneration | 1 | |
| Scroll of Town Portal | 1 | |
2 total

»
MOVIESCENES (
teal | 72 APM | 1312 actions | 18:14)
4 Demon Hunter
2 Mana Burn
2 Evasion
3 Pandaren Brewmaster
2 Breath of Fire
1 Drunken Haze
» actions
| Assign group hotkey | 99 | |
| Basic commands | 59 | |
| Build / train | 55 | |
| Enter build submenu | 11 | |
| Enter hero's abilities submenu | 7 | |
| Give item / drop item | 4 | |
| Remove unit from queue | 2 | |
| Right click | 550 | |
| Select / deselect | 243 | |
| Select group hotkey | 204 | |
| Use ability | 78 | |
1312 total
» units
» upgrades
| Abolish Magic | 1 | |
| Strength of the Wild | 2 | |
| Reinforced Hides | 1 | |
4 total
» buildings
| Altar of Elders | 1 | |
| Moon Well | 5 | |
| Ancient of War | 1 | |
| Hunter's Hall | 1 | |
| Tree of Ages | 1 | |
| Ancient of Wonders | 1 | |
| Ancient of Lore | 2 | |
12 total
» build order
00:08 Altar of Elders
00:19 Moon Well
01:46 Ancient of War
01:50 Hunter's Hall
02:08 Moon Well
02:29 Moon Well
04:18 Tree of Ages
05:49 Ancient of Wonders
05:50 Moon Well
07:03 Ancient of Lore
07:25 Ancient of Lore
11:41 Moon Well
» items
| Staff of Teleportation | 1 | |
| Circlet of Nobility | 1 | |
| Potion of Healing | 1 | |
| Scroll of Town Portal | 4 | |
| Potion of Lesser Invulnerability | 2 | |
| Scroll of Protection | 2 | |
| Scroll of Healing | 1 | |
12 total

»
SDFWESDER (
blue | 98 APM | 1784 actions | 18:14)
5 Tauren Chieftain
3 Endurance Aura
2 War Stomp
» actions
| Assign group hotkey | 22 | |
| Basic commands | 1 | |
| Build / train | 66 | |
| ESC pressed | 5 | |
| Enter build submenu | 19 | |
| Enter hero's abilities submenu | 5 | |
| Give item / drop item | 4 | |
| Right click | 921 | |
| Select / deselect | 258 | |
| Select group hotkey | 421 | |
| Use ability | 62 | |
1784 total
» units
| Peon | 9 | |
| Troll Headhunter/Berserker | 15 | |
| Demolisher | 5 | |
29 total
» upgrades
| Ranged Weapons | 3 | |
| Armor | 2 | |
| Troll Regeneration | 1 | |
| Berserker Upgrade | 1 | |
| Burning Oil | 1 | |
| Reinforced Defenses | 1 | |
9 total
» buildings
| Altar of Storms | 1 | |
| Orc Burrow | 6 | |
| War Mill | 1 | |
| Barracks | 2 | |
| Watch Tower | 4 | |
| Voodoo Lounge | 1 | |
| Stronghold | 2 | |
| Fortress | 3 | |
| Beastiary | 2 | |
22 total
» build order
00:08 Altar of Storms
00:21 Orc Burrow
00:54 War Mill
01:23 Barracks
01:49 Barracks
02:16 Orc Burrow
02:57 Watch Tower
03:04 Voodoo Lounge
03:53 Orc Burrow
05:50 Stronghold
06:48 Orc Burrow
07:23 Watch Tower
07:26 Watch Tower
08:23 Fortress
08:24 Fortress
10:47 Orc Burrow
16:31 Beastiary
16:56 Beastiary
16:58 Orc Burrow
17:00 Watch Tower
» items
| Healing Salve | 2 | |
| Scroll of Town Portal | 4 | |
| Scroll of Healing | 1 | |
| Lesser Clarity Potion | 1 | |
8 total
team 2 (loser)
eatz (
purple | 184 APM | 3351 actions | 18:10)
3 Keeper of the Grove
2 Entangling Roots
1 Thorns Aura
» actions
| Assign group hotkey | 251 | |
| Basic commands | 299 | |
| Build / train | 64 | |
| Enter build submenu | 12 | |
| Enter hero's abilities submenu | 3 | |
| Right click | 1082 | |
| Select / deselect | 375 | |
| Select group hotkey | 1218 | |
| Use ability | 47 | |
3351 total
» units
» upgrades
| Strength of the Moon | 1 | |
| Moon Armor | 1 | |
| Ultravision | 1 | |
3 total
» buildings
| Altar of Elders | 1 | |
| Moon Well | 4 | |
| Hunter's Hall | 1 | |
| Ancient of War | 3 | |
| Tree of Life | 3 | |
| Tree of Ages | 1 | |
13 total
» build order
00:07 Altar of Elders
00:19 Moon Well
01:58 Hunter's Hall
02:00 Ancient of War
02:14 Ancient of War
02:27 Moon Well
02:53 Moon Well
04:20 Moon Well
06:41 Tree of Life
09:04 Tree of Life
10:26 Tree of Life
16:44 Ancient of War
16:58 Tree of Ages
» items
| Scroll of Healing | 2 | |
| Scroll of Protection | 2 | |
| Potion of Lesser Invulnerability | 1 | |
| Scroll of Town Portal | 2 | |
7 total
KODOS_FORSAKEN (
red | 125 APM | 2263 actions | 18:05)
4 Tauren Chieftain
2 Endurance Aura
2 War Stomp
3 Shadow Hunter
1 Hex
2 Healing Wave
» actions
| Assign group hotkey | 356 | |
| Basic commands | 6 | |
| Build / train | 71 | |
| Enter build submenu | 14 | |
| Enter hero's abilities submenu | 7 | |
| Give item / drop item | 2 | |
| Right click | 774 | |
| Select / deselect | 440 | |
| Select group hotkey | 495 | |
| Use ability | 97 | |
2263 total
» units
| Peon | 6 | |
| Troll Headhunter/Berserker | 25 | |
| Shaman | 5 | |
36 total
» upgrades
| Ranged Weapons | 2 | |
| Armor | 1 | |
| Berserker Upgrade | 1 | |
| Reinforced Defenses | 1 | |
| Shaman Training | 2 | |
| Spiked Barricades | 1 | |
8 total
» buildings
| Altar of Storms | 1 | |
| Orc Burrow | 7 | |
| War Mill | 1 | |
| Barracks | 2 | |
| Voodoo Lounge | 1 | |
| Stronghold | 3 | |
| Fortress | 1 | |
| Spirit Lodge | 2 | |
18 total
» build order
00:10 Altar of Storms
00:20 Orc Burrow
00:34 War Mill
01:13 Barracks
01:35 Orc Burrow
02:03 Barracks
02:18 Voodoo Lounge
03:26 Orc Burrow
04:54 Stronghold
04:55 Stronghold
04:55 Stronghold
06:32 Orc Burrow
07:21 Fortress
10:36 Spirit Lodge
13:43 Spirit Lodge
14:37 Orc Burrow
15:00 Orc Burrow
16:13 Orc Burrow
» items
| Healing Salve | 3 | |
| Boots of Speed | 1 | |
| Lesser Clarity Potion | 2 | |
| Scroll of Town Portal | 2 | |
| Scroll of Healing | 1 | |
| Potion of Healing | 3 | |
| Potion of Mana | 2 | |
14 total
LOLYEVSAPRO (
green | 133 APM | 2432 actions | 18:13)
5 Death Knight
3 Death Coil
2 Unholy Aura
3 Lich
2 Frost Nova
1 Frost Armor
1 Crypt Lord
1 Impale
» actions
| Assign group hotkey | 39 | |
| Basic commands | 13 | |
| Build / train | 56 | |
| Enter build submenu | 16 | |
| Enter hero's abilities submenu | 11 | |
| Give item / drop item | 5 | |
| Remove unit from queue | 1 | |
| Right click | 1003 | |
| Select / deselect | 364 | |
| Select group hotkey | 843 | |
| Use ability | 81 | |
2432 total
» units
| Acolyte | 2 | |
| Ghoul | 6 | |
| Crypt Fiend | 10 | |
| Frost Wyrm | 2 | |
20 total
» upgrades
| Creature Attack | 2 | |
| Burrow | 1 | |
| Web | 1 | |
| Creature Carapace | 2 | |
6 total
» buildings
| Graveyard | 1 | |
| Crypt | 1 | |
| Altar of Darkness | 1 | |
| Ziggurat | 5 | |
| Tomb of Relics | 1 | |
| Halls of the Dead | 1 | |
| Sacrificial Pit | 1 | |
| Nerubian Tower | 1 | |
| Black Citadel | 1 | |
| Boneyard | 2 | |
| Slaughterhouse | 1 | |
| Spirit Tower | 1 | |
17 total
» build order
00:08 Graveyard
00:11 Crypt
00:31 Altar of Darkness
00:49 Ziggurat
01:05 Tomb of Relics
01:52 Ziggurat
04:17 Halls of the Dead
04:34 Ziggurat
06:40 Sacrificial Pit
06:42 Ziggurat
06:59 Nerubian Tower
08:43 Black Citadel
10:46 Ziggurat
12:20 Boneyard
12:26 Boneyard
14:16 Slaughterhouse
15:31 Spirit Tower
» items
| Rod of Necromancy | 1 | |
| Dust of Appearance | 1 | |
| Scroll of Town Portal | 5 | |
| Potion of Lesser Invulnerability | 1 | |
| Circlet of Nobility | 1 | |
| Scroll of Protection | 1 | |
| Scroll of Healing | 1 | |
| Orb of Corruption | 1 | |
| Potion of Healing | 1 | |
13 total
Chat log
(00:06 / All) KODOS_FORSAKEN: u jews
(00:11 / All) SDFWESDER: we were playing 1st
(00:16 / All) KODOS_FORSAKEN: no
(00:20 / Allies) MOVIESCENES: no
(00:21 / Allies) MOVIESCENES: no feed
(00:24 / Allies) MOVIESCENES: play like a champ
(00:26 / All) KODOS_FORSAKEN: we were trying to match some noobs
(00:33 / All) SDFWESDER: i was about to cancel
(00:35 / All) SDFWESDER: and i find some faggots
(00:40 / All) KODOS_FORSAKEN: lol
(00:46 / Allies) MOVIESCENES: wtf
(01:02 / All) MOVIESCENES: hi
(01:02 / All) SDFWESDER: should see my base lol
(01:08 / All) KODOS_FORSAKEN: what races u get
(01:09 / All) SDFWESDER: you can tell im half asleep
(01:16 / All) SDFWESDER: same as urs
(01:19 / Allies) iMlCRO: hararss
(01:20 / All) KODOS_FORSAKEN: k
(01:25 / Allies) MOVIESCENES: im goin
(01:25 / Allies) MOVIESCENES: dh
(01:26 / Allies) MOVIESCENES: lol
(02:01 / All) MOVIESCENES: rofl
(02:09 / All) KODOS_FORSAKEN: nice bo nerd
(02:14 / All) KODOS_FORSAKEN: lol
(02:19 / All) SDFWESDER: ''we pick races''
(02:27 / All) KODOS_FORSAKEN: we were doing rand rand elf
(02:35 / All) SDFWESDER: ''i have all the icons''-unkown
(02:39 / All) KODOS_FORSAKEN: lol
(02:45 / All) SDFWESDER: lets just say
(02:46 / All) SDFWESDER: windtotems
(02:50 / All) SDFWESDER: gona whoop on yall
(03:00 / Allies) MOVIESCENES: keeper is back
(03:17 / All) MOVIESCENES: mb like a pro
(03:18 / All) SDFWESDER: showdown
(03:24 / All) SDFWESDER: totem vs hoof
(03:31 / All) KODOS_FORSAKEN: bring it
(04:05 / All) MOVIESCENES: xd
(04:06 / All) KODOS_FORSAKEN: lol
(04:24 / All) MOVIESCENES: not cool man
(04:26 / Allies) MOVIESCENES: tangle coil
(04:32 / Allies) MOVIESCENES: in midst of teleporting with staff
(04:33 / Allies) MOVIESCENES: lol
(04:39 / Allies) MOVIESCENES: im too cool for that
(04:47 / Allies) MOVIESCENES: lmfao
(04:56 / Allies) MOVIESCENES: its a fuckin
(04:57 / Allies) MOVIESCENES: yea
(04:59 / Allies) MOVIESCENES: image...
(05:02 / Allies) MOVIESCENES: rofl
(05:07 / All) MOVIESCENES: blue was fooled!
(05:18 / All) MOVIESCENES: joke
(05:20 / All) MOVIESCENES: fuck you
(06:09 / All) MOVIESCENES: small cock
(07:07 / All) MOVIESCENES: fuck
(07:08 / All) MOVIESCENES: lol
(07:10 / All) MOVIESCENES: lolol
(07:30 / Allies) MOVIESCENES: tp lol
(07:32 / Allies) MOVIESCENES: go
(07:35 / Allies) MOVIESCENES: now
(07:36 / Allies) MOVIESCENES: go
(07:37 / Allies) MOVIESCENES: now
(07:39 / Allies) MOVIESCENES: fuckin now
(07:40 / Allies) MOVIESCENES: ass clown
(08:54 / All) MOVIESCENES: cock
(08:56 / All) MOVIESCENES: in jamels face
(10:12 / All) SDFWESDER: lucky faggot
(10:13 / All) MOVIESCENES: apparenmtly we are out lol
(10:18 / All) KODOS_FORSAKEN: lol
(10:59 / Allies) MOVIESCENES: i killed the kotg lol pro
(11:12 / All) SDFWESDER: who gets a 2nd hero fagot
(11:17 / All) KODOS_FORSAKEN: i do
(11:45 / All) MOVIESCENES: my pants are half off
(12:10 / All) MOVIESCENES: dodge
(12:10 / All) MOVIESCENES: lol
(12:16 / All) KODOS_FORSAKEN: was just aboutt o hex nig
(12:28 / All) MOVIESCENES: jamel on vent is laffing at my inevitable death
(12:42 / All) SDFWESDER: i saw a big coil nova
(12:45 / All) SDFWESDER: ending his dhs life
(12:51 / Allies) MOVIESCENES: can we sto
(12:55 / Allies) MOVIESCENES: tp
(12:55 / Allies) MOVIESCENES: now
(12:59 / Allies) MOVIESCENES: now
(13:00 / Allies) MOVIESCENES: right now
(13:03 / Allies) iMlCRO: go
(13:11 / All) MOVIESCENES: ccool
(13:47 / Allies) MOVIESCENES: elf
(13:58 / Allies) MOVIESCENES: fast
(13:59 / Allies) MOVIESCENES: hit elf
(14:03 / Allies) MOVIESCENES: ud top
(14:22 / Allies) MOVIESCENES: come
(14:23 / Allies) MOVIESCENES: in my ass
(14:26 / Allies) MOVIESCENES: share control
(15:00 / Allies) MOVIESCENES: leave the hu
(15:07 / Allies) MOVIESCENES: zerk
(15:09 / Allies) MOVIESCENES: in ym base
(15:10 / Allies) MOVIESCENES: fuckin share
(15:24 / All) MOVIESCENES: cock
(15:46 / Allies) MOVIESCENES: lol
(15:54 / Allies) MOVIESCENES: wtf
(16:06 / All) MOVIESCENES: sheep ya self nigga
(16:23 / Allies) MOVIESCENES: kill yards
(16:24 / Allies) MOVIESCENES: and out
(16:44 / Allies) MOVIESCENES: lol
(16:52 / Allies) MOVIESCENES: yea
(16:53 / Allies) MOVIESCENES: he tav
(16:54 / Allies) MOVIESCENES: himself
(16:54 / Allies) MOVIESCENES: there
(17:15 / Allies) MOVIESCENES: lol
(17:23 / Allies) MOVIESCENES: o god
(17:24 / Allies) MOVIESCENES: lol
(17:31 / Allies) MOVIESCENES: no
(17:32 / Allies) MOVIESCENES: get
(17:32 / Allies) MOVIESCENES: red
(17:33 / Allies) MOVIESCENES: lol
(18:05 / All) KODOS_FORSAKEN: gg
(18:09 / All) SDFWESDER: gg
(18:10 / All) MOVIESCENES: gg dudes
(18:11 / All) iMlCRO: gg
(18:14 / Allies) MOVIESCENES: lmfao